cohdb
Replays
Latest Replays
All Replays
Popular Replays
Top Player Replays
Match Explorer
How It Works
Community
CoH3 Stats
Reddit
Sign in to upload your games and track your stats! →
Sign in with Steam
Match 47469949
Unlisted
Match 47469949
Overview
Messages
Build Orders
End
Construct Weapon Support Center
Engineer Squad
M1919 Machine Gun Team
M1919 Machine Gun Team
Bazooka Squad
Selects Advanced Infantry Battlegroup
Selects Advanced Infantry Battlegroup
Construct Barracks
Riflemen Squad
Riflemen Squad
Engineer Squad
Air Support Center
Selects Convert to Ranger Squad
Grasshopper Recon Run
Selects Frontline Medical Station
Frontline Medical Station
Convert to Ranger Squad
Bazooka Squad
P-47 Strafing Run
Convert to Ranger Squad
Grasshopper Recon Run
Mortar Pit
ASPEKTAKLE
砍人怪
Ordovician
capy
taoyangchen
୧ ⍤⃝୨
Unsafe
厄运宣告
0
0
Comments
sign in to comment!
No comments posted yet!